 Dungeon Crawl Stone Soup version 0.27.0-1-g7a089689b8 (webtiles) character file.

Game seed: 17741832693010156910

1008 pkoi the Grappler (level 8, -4/62 HPs)
             Began as a Minotaur Gladiator on Aug 6, 2021.
             Was a Follower of Ashenzari.
             Slain by a gnoll (8 damage)
             ... on level 6 of the Dungeon.
             The game lasted 00:07:06 (5301 turns).

pkoi the Grappler (Minotaur Gladiator)              Turns: 5301, Time: 00:07:07

Health: -4/62      AC:  9    Str: 21    XL:     8   Next: 1%
Magic:  7/7        EV:  8    Int:  5    God:    Ashenzari [*.....]
Gold:   224        SH:  0    Dex: 12    Spells: 7/7 levels left

rFire    + . .     SeeInvis .     - Unarmed
rCold    . . .     Faith    .   (no shield)
rNeg     . . .     Spirit   .   k - +0 chain mail
rPois    +         Reflect  .   b - +0 hat of the Stellar Sage {Melee, Bglg} (curse)
rElec    .         Harm     .   (no cloak)
rCorr    .         Rampage  .   p - +0 pair of gloves of the Fated Lifelessness {Fort, Range} (curse)
Will     .....                  (no boots)
Stlth    ..........             (no amulet)
HPRegen  0.20/turn              i - ring of poison resistance
MPRegen  0.10/turn              s - ring of protection from fire

@: no status effects
A: horns 2, retaliatory headbutt
a: Renounce Religion, Curse Item, Shatter the Chains


You were on level 6 of the Dungeon.
You worshipped Ashenzari.
Ashenzari was aware of your devotion.
You visited 1 branch of the dungeon, and saw 6 of its levels.

You collected 224 gold pieces.

Inventory:

Missiles
 c - 3 throwing nets (quivered)
 u - 4 javelins
Armour
 a - a +0 leather armour
 b - the cursed +0 hat of the Stellar Sage (worn) {Melee, Bglg}

   It has a curse which improves the following skills: Melee Combat: Short
   Blades, Long Blades, Axes, Maces & Flails, Polearms, Staves and Unarmed
   Combat.
   Beguiling: Conjurations, Hexes and Translocations.
 k - a +0 chain mail (worn)
 p - the cursed +0 pair of gloves of the Fated Lifelessness (worn) {Fort, Range}
   (You found it on level 3 of the Dungeon)

   It has a curse which improves the following skills: Fortitude: Armour and
   Shields.
   Ranged Combat: Slings, Bows, Crossbows and Throwing.
Jewellery
 i - a ring of poison resistance (left hand)
 s - a ring of protection from fire (right hand)
 v - a ring of resist corrosion
Scrolls
 e - 3 scrolls of amnesia
 l - 2 scrolls of fear
 r - a scroll of teleportation
 t - a scroll of enchant weapon
 w - a scroll of magic mapping
Potions
 d - a potion of resistance
 f - 2 potions of flight
 g - 2 potions of lignification
 h - 3 potions of brilliance
 j - a potion of haste
 m - a potion of curing
 n - a potion of might
 o - 2 potions of magic
 q - 2 potions of berserk rage
 x - 2 potions of heal wounds


   Skills:
 - Level 2.4 Fighting
 - Level 2.0(2.8) Throwing
 - Level 3.2 Dodging
 + Level 10.6(11.5) Unarmed Combat


You had 7 spell levels left.
You didn't know any spells.
Your spell library contained the following spells:

 Spells                   Type           Power      Damage    Failure   Level
 Animate Skeleton         Necr           0%         N/A       99%         1
 Apportation              Tloc           0%         N/A       99%         1
 Corona                   Hex            0%         N/A       99%         1
 Freeze                   Ice            0%         1d3       99%         1
 Pain                     Necr           0%         1d4       99%         1
 Summon Small Mammal      Summ           0%         N/A       99%         1
 Call Canine Familiar     Summ           0%         N/A       100%        3
 Frozen Ramparts          Ice            0%         1d2       100%        3
 Portal Projectile        Hex/Tloc       0%         N/A       100%        3
 Vampiric Draining        Necr           0%         2d6       100%        3
 Hailstorm                Conj/Ice       0%         3d3       100%        4
 Leda's Liquefaction      Hex/Erth       0%         N/A       100%        4
 Alistair's Intoxication  Tmut/Pois      0%         N/A       100%        5
 Invisibility             Hex            0%         N/A       100%        6


Dungeon Overview and Level Annotations

Branches:
Dungeon (6/15)
 Temple: D:4-7

Altars:
Ashenzari
Elyvilon
Makhleb
Trog
Vehumet


Innate Abilities, Weirdness & Mutations

You have a pair of horns on your head.
You reflexively headbutt those who attack you in melee.


Message History

The gnoll barely misses you. The gnoll hits you but does no damage.
You have reached level 8!
You feel stronger. The gnoll barely misses you.
The gnoll hits you from afar with a +0 halberd!
The gnoll hits you with a +0 spear. The gnoll barely misses you.
You see here a +0 flail.
You are too injured to fight recklessly!
You are too injured to fight recklessly!
You are too injured to fight recklessly!
You are too injured to fight recklessly!
You are too injured to fight recklessly!
You are too injured to fight recklessly!
You are too injured to fight recklessly!
You are too injured to fight recklessly!
You are too injured to fight recklessly!
You are too injured to fight recklessly!
You are too injured to fight recklessly!
You are too injured to fight recklessly!
You are too injured to fight recklessly!
You are too injured to fight recklessly!
You are too injured to fight recklessly!
You are too injured to fight recklessly!
You are too injured to fight recklessly!
You barely miss the gnoll. The gnoll hits you with a +0 spear.
The gnoll hits you but does no damage.
The gnoll hits you from afar with a +0 spear.
You completely miss the gnoll. The gnoll hits you with a +0 spear.
The gnoll closely misses you. The gnoll hits you but does no damage.
You closely miss the gnoll. Your headbutt misses the gnoll.
The gnoll hits you with a +0 spear.
* * * LOW HITPOINT WARNING * * *
The gnoll hits you with a +0 spear.
* * * LOW HITPOINT WARNING * * *
The gnoll hits you from afar with a +0 halberd.
* * * LOW HITPOINT WARNING * * *
The gnoll hits you from afar with a +0 spear.
* * * LOW HITPOINT WARNING * * *
The gnoll hits you from afar with a +0 spear!
You die...

##########........
#.................
#.....###.........
#.. #.....#
#..####.## #####..
#.....# #..# .#
.......
#.....###..# .
.......
#..........# #
....?.)
#.#######..#
.......
#@##.......#
.....o.###.........
......gg)g......###
##########.#..#.#
#.#..# # #.#....
#.####.. #.# .##
#.. .


You could see a gnoll (fast).

Vanquished Creatures
  Menkaure (D:4)
  A black bear (D:5)
  A necrophage (D:4)
  An ogre (D:4)
  2 water moccasin zombies
  A bullfrog skeleton (D:5)
  An orc priest (D:4)
  2 gnoll shamans
  2 jellies
  An iguana (D:5)
  2 orc wizards
  Robin (D:4)
  9 gnolls
  A howler monkey skeleton (D:5)
  5 adders
  An adder skeleton (D:4)
  A worm (D:4)
  13 orcs
  8 endoplasms
  3 giant cockroaches (D:1)
  14 goblins
  8 hobgoblins
  8 jackals
  6 kobolds
  3 quokkas
  10 ball pythons
  4 frilled lizards
  6 rats
116 creatures vanquished.

Notes
Turn   | Place    | Note
-------+----------+-------------------------------------------
     0 | D:1      | pkoi the Minotaur Gladiator began the quest for the Orb.
     0 | D:1      | Reached XP level 1. HP: 18/18 MP: 0/0
   484 | D:1      | Reached XP level 2. HP: 25/25 MP: 1/1
   507 | D:1      | Reached skill level 4 in Unarmed Combat
   840 | D:1      | Found a faded altar of an unknown god.
   856 | D:1      | Became a worshipper of Ashenzari the Shackled
  1124 | D:2      | Reached XP level 3. HP: 30/30 MP: 2/2
  1136 | D:2      | Reached skill level 5 in Unarmed Combat
  1629 | D:2      | Reached XP level 4. HP: 37/37 MP: 3/3
  2177 | D:3      | Reached skill level 6 in Unarmed Combat
  2826 | D:4      | Reached XP level 5. HP: 12/42 MP: 4/4
  3295 | D:4      | Noticed Menkaure
  3296 | D:4      | Reached skill level 7 in Unarmed Combat
  3621 | D:4      | Reached XP level 6. HP: 50/50 MP: 5/5
  3634 | D:4      | Reached * piety under Ashenzari
  3695 | D:4      | Reached skill level 8 in Unarmed Combat
  3958 | D:4      | Killed Menkaure
  3959 | D:4      | Reached skill level 9 in Unarmed Combat
  3959 | D:4      | Reached XP level 7. HP: 52/56 MP: 6/6
  4066 | D:4      | Noticed Robin
  4101 | D:4      | Killed Robin
  4285 | D:4      | Found a radiant altar of Vehumet.
  4285 | D:4      | Found a white marble altar of Elyvilon.
  4285 | D:4      | Found a bloodstained altar of Trog.
  4285 | D:4      | Found a burning altar of Makhleb.
  4406 | D:5      | Entered Level 5 of the Dungeon
  4610 | D:5      | Reached skill level 10 in Unarmed Combat
  5294 | D:6      | Reached XP level 8. HP: 40/62 MP: 7/7
  5299 | D:6      | HP: 3/62 [gnoll (5)]
  5301 | D:6      | Slain by a gnoll

Illustrated notes

Levels and vault maps discovered:
D:1:      roderic_crossed_star, layout_loops_corners,
          shapermc_ecumenical_altar_flowoftime
D:2:      layout_basic
D:3:      cheibrodos_helix_gallery, layout_basic, nrook_uturn
D:4:      layout_basic, grunt_temple_overflow_cloverleaf, uniq_robin,
          uniq_menkaure
D:5:      layout_basic
D:6:      layout_basic, minmay_temple_entry_grid, serial_bayou_pond_e,
          uniq_duvessa

Skill      XL: |  1  2  3  4  5  6  7 |
---------------+----------------------+-----
Unarmed Combat | 4 5 6 7 9 10 | 10.6
Fighting       | |  2.4
Throwing       | |  2.0
Dodging        | |  3.2

Action                   |  1- 3 |  4- 6 |  7- 9 || total
-------------------------+-------+-------+-------++-------
Melee: Unarmed           |    65 |   125 |    75 ||   265
       Headbutt          |     9 |    17 |    16 ||    42
       Punch             |     1 |       |     5 ||     6
Invok: Curse Item        |       |     2 |       ||     2
Armor: Leather armour    |     8 |     4 |       ||    12
       Chain mail        |       |    26 |    42 ||    68
Dodge: Dodged            |    37 |    36 |    26 ||    99
